[Event "FRA-chT Top 12 2019"]
[Site "Brest"]
[Date "2019.05.27"]
[Round "10.4"]
[White "Santos Ruiz, Miguel"]
[Black "Bailet, Pierre"]
[Result "1/2-1/2"]
[ECO "A13"]
[WhiteElo "2549"]
[BlackElo "2466"]
[Annotator "ChessBase"]
[PlyCount "75"]
[EventDate "2019.05.18"]
[EventType "team-tourn"]
[EventCountry "FRA"]
[SourceTitle "playchess.com"]
[Source "ChessBase"]
[SourceQuality "1"]
[TimeControl "40/5400+30:1800+30"]

1. c4 e6 2. Nf3 d5 3. e3 Nf6 4. b3 Be7 5. Bb2 O-O 6. Nc3 c5 7. cxd5 exd5 8. d4 Nc6 9. Be2 Ne4 10. dxc5 Bf6 11. Nd4 Nxc5 12. Nxc6 bxc6 13. O-O Be6 14. Qc2 Qb6 15. Rac1 Rfd8 16. Ba3 d4 17. Nd5 Rxd5 18. Bxc5 Qa5 19. e4 Rd7 20. Bd3 g5 21. f3 Kh8 22. g3 Rg8 23. Kh1 Qc7 24. Qf2 Qa5 25. Rg1 Rdd8 26. Qe2 Be5 27. Qf2 Bf6 28. Rge1 Be5 29. Re2 Qc7 30. Bb4 Qb6 31. Bd2 c5 32. f4 gxf4 33. gxf4 Bf6 34. Ree1 a5 35. f5 Bc8 36. Bc4 Qc7 37. Bf4 Be5 38. Bxe5+ 1/2-1/2

[Event "FRA-chT Top 12 2019"]
[Site "Brest"]
[Date "2019.05.27"]
[Round "10.4"]
[White "Sokolov, Andrei"]
[Black "Payen, Arnaud"]
[Result "1/2-1/2"]
[ECO "B35"]
[WhiteElo "2516"]
[BlackElo "2358"]
[Annotator "ChessBase"]
[PlyCount "47"]
[EventDate "2019.05.18"]
[EventType "team-tourn"]
[EventCountry "FRA"]
[SourceTitle "playchess.com"]
[Source "ChessBase"]
[SourceQuality "1"]
[TimeControl "40/5400+30:1800+30"]

1. e4 c5 2. Nf3 g6 3. d4 cxd4 4. Nxd4 Nc6 5. Nc3 Bg7 6. Be3 Nf6 7. Bc4 Qa5 8. O-O O-O 9. Bb3 d6 10. h3 Bd7 11. Re1 Rfc8 12. Nf3 Qh5 13. Bf4 Ne5 14. Nxe5 dxe5 15. Qxh5 Nxh5 16. Be3 e6 17. Red1 Be8 18. a4 Bf8 19. f3 Bc5 20. Bxc5 Rxc5 21. h4 Nf6 22. Ne2 Rc7 23. c3 a5 24. Bc2 1/2-1/2

[Event "FRA-chT Top 12 2019"]
[Site "Brest"]
[Date "2019.05.27"]
[Round "10.4"]
[White "Barseghyan, Harutyun"]
[Black "Ribbegren, Karl Johan"]
[Result "1-0"]
[ECO "A43"]
[WhiteElo "2470"]
[BlackElo "2209"]
[Annotator "ChessBase"]
[PlyCount "85"]
[EventDate "2019.05.18"]
[EventType "team-tourn"]
[EventCountry "FRA"]
[SourceTitle "playchess.com"]
[Source "ChessBase"]
[SourceQuality "1"]
[TimeControl "40/5400+30:1800+30"]

1. d4 Nf6 2. Nf3 c5 3. d5 g6 4. c4 Bg7 5. Nc3 O-O 6. e4 d6 7. Bd3 e5 8. h3 Na6 9. Bg5 h6 10. Be3 Nc7 11. Qd2 Kh7 12. g4 Ng8 13. Rg1 a6 14. a4 Bd7 15. a5 Rb8 16. h4 b5 17. axb6 Rxb6 18. h5 g5 19. Nh2 Qb8 20. Ra2 Qb7 21. Nd1 Rb4 22. Qc2 Ra8 23. Bd2 Rb3 24. Ba5 Ne8 25. Nf1 Qb8 26. Nd2 Rb7 27. Ne3 Bf6 28. Ke2 Bd8 29. Bc3 a5 30. Rga1 a4 31. Qd1 Ba5 32. Bc2 Nef6 33. f3 Bxc3 34. bxc3 Rb2 35. Bxa4 Rxa2 36. Rxa2 Qa7 37. Bb3 Qb7 38. Qa1 Rxa2 39. Qxa2 Ne7 40. Qa5 Qb8 41. Ba4 Bc8 42. Qd8 Neg8 43. Bb5 1-0

[Event "FRA-chT Top 12 2019"]
[Site "Brest"]
[Date "2019.05.27"]
[Round "10.5"]
[White "Fedorchuk, Sergey A."]
[Black "Libiszewski, Fabien"]
[Result "1/2-1/2"]
[ECO "C09"]
[WhiteElo "2620"]
[BlackElo "2511"]
[Annotator "RC"]
[PlyCount "81"]
[EventDate "2019.05.18"]
[EventType "team-tourn"]
[EventCountry "FRA"]
[SourceTitle "playchess.com"]
[Source "ChessBase"]
[SourceQuality "1"]
[TimeControl "40/5400+30:1800+30"]

1. e4 e6 2. d4 d5 3. Nd2 c5 4. Ngf3 Nc6 5. exd5 exd5 6. Bb5 Qe7+ 7. Be2 Nf6 8. O-O Qc7 9. Re1 cxd4 10. Nb3 Bb4 11. Bd2 Bxd2 12. Qxd2 O-O 13. Bd3 Bg4 14. Nfxd4 Rfe8 15. Nb5 Qb6 16. Qf4 a6 17. Nc7 Rxe1+ 18. Rxe1 Rd8 19. h3 Bc8 20. c4 Qb4 21. Re3 dxc4 22. Bxc4 Nd4 23. Ne8 Qxc4 24. Nxf6+ gxf6 25. Kh2 Qd5 26. Nxd4 Qxd4 27. Re8+ Kg7 28. Qxd4 Rxd4 29. Rxc8 Rd2 30. b4 Rxa2 31. Rb8 b5 32. f3 Rb2 33. Rb6 Rxb4 34. Rxa6 h5 35. g4 h4 36. Rb6 Rb2+ 37. Kg1 b4 38. f4 b3 39. Rb8 Kg6 40. Rb6 Kh7 41. Rb7 1/2-1/2

[Event "FRA-chT Top 12 2019"]
[Site "Brest"]
[Date "2019.05.27"]
[Round "10.5"]
[White "Godart, Francois"]
[Black "Ludwig, Remi"]
[Result "1-0"]
[ECO "C01"]
[WhiteElo "2419"]
[BlackElo "2312"]
[Annotator "NA"]
[PlyCount "61"]
[EventDate "2019.05.18"]
[EventType "team-tourn"]
[EventCountry "FRA"]
[SourceTitle "playchess.com"]
[Source "ChessBase"]
[SourceQuality "1"]
[TimeControl "40/5400+30:1800+30"]

1. e4 e6 2. d4 d5 3. exd5 exd5 4. Nf3 Bg4 5. h3 Bh5 6. Qe2+ Qe7 7. Be3 Nc6 8. Nc3 O-O-O 9. O-O-O Nf6 10. g4 Bg6 11. Ne5 Qe8 12. h4 h6 13. Nxg6 fxg6 14. Bg2 Bb4 15. g5 hxg5 16. hxg5 Rxh1 17. Rxh1 Nh5 18. Nxd5 Kb8 19. Nxb4 Nxb4 20. Qc4 Nc6 21. Rh4 Qd7 22. Re4 a6 23. d5 Ne7 24. Qc5 Nc8 25. b3 Qd6 26. Qxd6 cxd6 27. Bf3 Rf8 28. Bg4 Kc7 29. Rc4+ Kb8 30. Bxc8 Rxc8 31. Ba7+ 1-0

[Event "FRA-chT Top 12 2019"]
[Site "Brest"]
[Date "2019.05.27"]
[Round "10.5"]
[White "Dornbusch, Tatiana"]
[Black "Rambaldi, Francesco"]
[Result "0-1"]
[ECO "A40"]
[WhiteElo "2285"]
[BlackElo "2558"]
[Annotator "ChessBase"]
[PlyCount "110"]
[EventDate "2019.05.18"]
[EventType "team-tourn"]
[EventCountry "FRA"]
[SourceTitle "playchess.com"]
[Source "ChessBase"]
[SourceQuality "1"]
[TimeControl "40/5400+30:1800+30"]

1. d4 g6 2. c4 Bg7 3. Nf3 d6 4. Nc3 Bg4 5. g3 Qc8 6. Bg2 Bh3 7. O-O Nc6 8. d5 Ne5 9. Nxe5 Bxe5 10. Qa4+ Kf8 11. Qc2 h5 12. Ne4 Bxg2 13. Kxg2 h4 14. Ng5 Bf6 15. e4 Bxg5 16. Bxg5 Qg4 17. Qc3 Rh5 18. Bf4 hxg3 19. Qxg3 Qe2 20. Qe3 Qg4+ 21. Qg3 Qe2 22. Qe3 Qxe3 23. Bxe3 f5 24. f3 Nf6 25. Bd4 Nd7 26. exf5 Rxf5 27. Rae1 c6 28. dxc6 bxc6 29. f4 a5 30. Re3 Kf7 31. Rfe1 Re8 32. Kg3 g5 33. fxg5 Rxg5+ 34. Kf2 e5 35. Bc3 Nc5 36. Rg1 Rf5+ 37. Rf3 Kf6 38. Rxf5+ Kxf5 39. Ke3 Rh8 40. Bxa5 Rxh2 41. Bb4 Rh3+ 42. Ke2 Rh2+ 43. Ke3 Rh3+ 44. Ke2 Nd3 45. Bxd6 Nxb2 46. c5 Ke4 47. Rg4+ Kd5 48. Rb4 Rh2+ 49. Kf1 Nc4 50. Ra4 Rb2 51. Be7 e4 52. Ra7 e3 53. Bg5 Nd2+ 54. Ke2 Ne4+ 55. Kxe3 Nxg5 {[%emt 0:00:04] Kd4+} 0-1

[Event "FRA-chT Top 12 2019"]
[Site "Brest"]
[Date "2019.05.27"]
[Round "10.6"]
[White "Oparin, Grigoriy"]
[Black "Maze, Sebastien"]
[Result "1-0"]
[ECO "A13"]
[WhiteElo "2624"]
[BlackElo "2579"]
[Annotator "RC"]
[PlyCount "65"]
[EventDate "2019.05.18"]
[EventType "team-tourn"]
[EventCountry "FRA"]
[SourceTitle "playchess.com"]
[Source "ChessBase"]
[SourceQuality "1"]
[TimeControl "40/5400+30:1800+30"]

1. c4 e6 2. Nf3 d5 3. g3 Nf6 4. Bg2 dxc4 5. Qa4+ Nbd7 6. Qxc4 a6 7. Qc2 c5 8. Nc3 Bd6 9. d4 Qc7 10. O-O O-O 11. Rd1 b6 12. d5 e5 13. Nh4 g6 14. Bg5 Bb7 15. Qd2 b5 16. Rac1 Kh8 17. b3 Rae8 18. e4 Ng8 19. Bh3 Ndf6 20. Qe2 Bc8 21. Bxc8 Rxc8 22. a4 Qd7 23. axb5 axb5 24. Nxb5 Nxe4 25. Nxd6 Nxd6 26. Qxe5+ f6 27. Qb2 Rb8 28. Bf4 Rb4 29. Ng2 c4 30. Bxd6 Qxd6 31. Rxc4 Rb6 32. Ne3 Rfb8 33. Rc3 1-0

[Event "FRA-chT Top 12 2019"]
[Site "Brest"]
[Date "2019.05.27"]
[Round "10.6"]
[White "Demuth, Adrien"]
[Black "Leconte, Maria"]
[Result "1-0"]
[ECO "D32"]
[WhiteElo "2517"]
[BlackElo "2246"]
[Annotator "ChessBase"]
[PlyCount "47"]
[EventDate "2019.05.18"]
[EventType "team-tourn"]
[EventCountry "FRA"]
[SourceTitle "playchess.com"]
[Source "ChessBase"]
[SourceQuality "1"]
[TimeControl "40/5400+30:1800+30"]

1. Nf3 d5 2. d4 c5 3. c4 e6 4. cxd5 exd5 5. Nc3 Nc6 6. dxc5 d4 7. Na4 Bxc5 8. Nxc5 Qa5+ 9. Bd2 Qxc5 10. b4 Qb6 11. Qa4 a6 12. e3 dxe3 13. fxe3 Bd7 14. b5 Nd8 15. Qa3 Ne7 16. Bb4 Nd5 17. Bd2 Ra7 18. bxa6 bxa6 19. Bc4 Be6 20. e4 Nb4 21. Bxb4 Bxc4 22. Bc5 Qg6 23. Bxa7 Qxg2 24. O-O-O 1-0

[Event "FRA-chT Top 12 2019"]
[Site "Brest"]
[Date "2019.05.27"]
[Round "10.6"]
[White "Riff, Jean-Noel"]
[Black "Charmeteau, Sven"]
[Result "1-0"]
[ECO "B32"]
[WhiteElo "2494"]
[BlackElo "2292"]
[Annotator "ChessBase"]
[PlyCount "53"]
[EventDate "2019.05.18"]
[EventType "team-tourn"]
[EventCountry "FRA"]
[SourceTitle "playchess.com"]
[Source "ChessBase"]
[SourceQuality "1"]
[TimeControl "40/5400+30:1800+30"]

1. e4 c5 2. Nf3 Nc6 3. d4 cxd4 4. Nxd4 e5 5. Nb5 d6 6. N1c3 a6 7. Na3 Be7 8. Be3 Nf6 9. Nc4 b5 10. Nb6 Rb8 11. Nxc8 Qxc8 12. Be2 O-O 13. a3 a5 14. Nxb5 Nxe4 15. O-O Rd8 16. c4 Nf6 17. Rc1 Qb7 18. Qa4 d5 19. cxd5 Nxd5 20. Qc4 Nd4 21. Nxd4 exd4 22. Bxd4 Nb6 23. Qc3 Qe4 24. Be5 Rbc8 25. Qg3 f6 26. Bc7 Rd7 27. Bb5 1-0

[Event "FRA-chT Top 12 2019"]
[Site "Brest"]
[Date "2019.05.27"]
[Round "10.6"]
[White "Delorme, Axel"]
[Black "Vitoux, Colomban"]
[Result "1/2-1/2"]
[ECO "A05"]
[WhiteElo "2489"]
[BlackElo "2384"]
[Annotator "ChessBase"]
[PlyCount "47"]
[EventDate "2019.05.18"]
[EventType "team-tourn"]
[EventCountry "FRA"]
[SourceTitle "playchess.com"]
[Source "ChessBase"]
[SourceQuality "1"]
[TimeControl "40/5400+30:1800+30"]

1. Nf3 Nf6 2. g3 g6 3. b3 Bg7 4. Bb2 c5 5. c4 b6 6. Bg2 Bb7 7. O-O O-O 8. d4 cxd4 9. Qxd4 d6 10. Nc3 Nbd7 11. Rfd1 Rc8 12. Rac1 a6 13. Ne1 Ne4 14. Qe3 Bxc3 15. Bxc3 Nxc3 16. Rxc3 Bxg2 17. Nxg2 Rc5 18. Nf4 Nf6 19. b4 Rc6 20. Nd5 e6 21. Nf4 Qc7 22. Rdc1 Rc8 23. Qf3 Kg7 24. Nd3 1/2-1/2

[Event "FRA-chT Top 12 2019"]
[Site "Brest"]
[Date "2019.05.27"]
[Round "10.6"]
[White "Lamard, Guillaume"]
[Black "Colin, Vincent"]
[Result "1/2-1/2"]
[ECO "A05"]
[WhiteElo "2405"]
[BlackElo "2383"]
[Annotator "NA"]
[PlyCount "102"]
[EventDate "2019.05.18"]
[EventType "team-tourn"]
[EventCountry "FRA"]
[SourceTitle "playchess.com"]
[Source "ChessBase"]
[SourceQuality "1"]
[TimeControl "40/5400+30:1800+30"]

1. Nf3 Nf6 2. g3 g6 3. b3 Bg7 4. Bb2 O-O 5. Bg2 d6 6. d4 Ne4 7. O-O c5 8. e3 Nc6 9. c4 cxd4 10. Nxd4 Nxd4 11. Bxd4 Nf6 12. Qd2 h5 13. h4 a6 14. a4 a5 15. Qb2 e5 16. Bc3 Ng4 17. Nd2 g5 18. hxg5 Qxg5 19. Nf3 Qe7 20. Rad1 f5 21. Qd2 Ra6 22. Nh4 Qc7 23. f3 Nh6 24. e4 Qb6+ 25. Kh1 Qxb3 26. Qd5+ Kh7 27. Bd2 Qxa4 28. Bxh6 Bxh6 29. exf5 Rc6 30. f4 Qxc4 31. fxe5 dxe5 32. Qxe5 Rcf6 33. Rd8 Qf7 34. Rxf8 Bxf8 35. Rd1 Bg7 36. Qxa5 Bd7 37. Bxb7 Bxf5 38. Bd5 Be6 39. Be4+ Kg8 40. Rd8+ Bf8 41. Qg5+ Qg7 42. Ng6 Bg4 43. Qd5+ Be6 44. Nxf8 Rf1+ 45. Kg2 Rg1+ 46. Kxg1 Qxg3+ 47. Kf1 Bxd5 48. Bxd5+ Kg7 49. Ne6+ Kf6 50. Rf8+ Ke5 51. Rf3 Qxf3+ 1/2-1/2

[Event "FRA-chT Top 12 2019"]
[Site "Brest"]
[Date "2019.05.27"]
[Round "10.6"]
[White "Riff, Vincent"]
[Black "Iglesias, Joachim"]
[Result "1-0"]
[ECO "E91"]
[WhiteElo "2399"]
[BlackElo "2276"]
[Annotator "NA"]
[PlyCount "113"]
[EventDate "2019.05.18"]
[EventType "team-tourn"]
[EventCountry "FRA"]
[SourceTitle "playchess.com"]
[Source "ChessBase"]
[SourceQuality "1"]
[TimeControl "40/5400+30:1800+30"]

1. d4 g6 2. Nf3 Bg7 3. c4 d6 4. Nc3 Nf6 5. e4 O-O 6. Be2 Na6 7. O-O e5 8. dxe5 dxe5 9. Be3 c6 10. a3 Ng4 11. Bg5 f6 12. Bd2 Nc5 13. h3 Nh6 14. Be3 Qe7 15. b4 Ne6 16. Qb3 Nf7 17. Rfd1 f5 18. Rac1 f4 19. Bc5 Nxc5 20. bxc5 Qxc5 21. Na4 Qe7 22. c5 h5 23. Nb2 Kh7 24. Nc4 Be6 25. Qb4 Rab8 26. Qa5 Bf6 27. Nd6 g5 28. Nh2 Nxd6 29. Rxd6 g4 30. hxg4 Rg8 31. Qc3 Bxg4 32. Bxg4 hxg4 33. Rcd1 Kh8 34. Rd7 Rbd8 35. Nxg4 Rxd7 36. Qh3+ Qh7 37. Rxd7 Qxh3 38. gxh3 Rg7 39. Rd3 Be7 40. Rc3 Bd8 41. Kf1 Bc7 42. Ke2 Kg8 43. Nh6+ Kf8 44. h4 Rg2 45. Nf5 Rh2 46. Kf1 Rh1+ 47. Kg2 Re1 48. Kf3 Kf7 49. Rd3 Ke6 50. h5 Rg1 51. h6 b5 52. Ng7+ Ke7 53. Nf5+ Ke6 54. Nh4 Rh1 55. Kg4 Rg1+ 56. Kh5 Kf6 57. h7 1-0

[Event "FRA-chT Top 12 2019"]
[Site "Brest"]
[Date "2019.05.27"]
[Round "10.7"]
[White "Marcelin, Cyril"]
[Black "Giroyan, Gary"]
[Result "0-1"]
[ECO "A48"]
[WhiteElo "2451"]
[BlackElo "2409"]
[Annotator "ChessBase"]
[PlyCount "68"]
[EventDate "2019.05.18"]
[EventType "team-tourn"]
[EventCountry "FRA"]
[SourceTitle "playchess.com"]
[Source "ChessBase"]
[SourceQuality "1"]
[TimeControl "40/5400+30:1800+30"]

1. d4 Nf6 2. Nf3 g6 3. Nbd2 c5 4. dxc5 Qa5 5. a3 Qxc5 6. b4 Qc7 7. Bb2 Bg7 8. c4 O-O 9. g3 a5 10. Bg2 axb4 11. axb4 Rxa1 12. Qxa1 Na6 13. Qb1 d5 14. b5 Bf5 15. Qc1 Nc5 16. O-O dxc4 17. Qxc4 Be6 18. Qh4 Qa5 19. Ng5 h6 20. Bxf6 exf6 21. Nxe6 Nxe6 22. Ne4 Qxb5 23. Nd6 Qxe2 24. Nxb7 f5 25. Qe7 Bd4 26. Qb4 Rc8 27. Qe1 Qa2 28. Qd1 Rc2 29. Qf3 Ng5 30. Qf4 Rxf2 31. Qxf2 Bxf2+ 32. Rxf2 Qb1+ 33. Rf1 Qb6+ 34. Kh1 Ne4 0-1

[Event "FRA-chT Top 12 2019"]
[Site "Brest"]
[Date "2019.05.27"]
[Round "10.7"]
[White "Adrian, Claude"]
[Black "Loiseau, Quentin"]
[Result "0-1"]
[ECO "A11"]
[WhiteElo "2238"]
[BlackElo "2471"]
[Annotator "ChessBase"]
[PlyCount "72"]
[EventDate "2019.05.18"]
[EventType "team-tourn"]
[EventCountry "FRA"]
[SourceTitle "playchess.com"]
[Source "ChessBase"]
[SourceQuality "1"]
[TimeControl "40/5400+30:1800+30"]

1. c4 c6 2. Nf3 d5 3. d4 e6 4. Nbd2 Nf6 5. g3 c5 6. cxd5 Qxd5 7. Bg2 cxd4 8. O-O Nc6 9. Nb3 d3 10. Bf4 Qd8 11. Rc1 Be7 12. Nc5 dxe2 13. Qxe2 Nd5 14. Rfd1 O-O 15. a3 Bxc5 16. Rxc5 Nce7 17. Bc7 Qe8 18. Bd6 b6 19. Rcxd5 Nxd5 20. Ng5 h6 21. Bxf8 Qxf8 22. Rxd5 exd5 23. Bxd5 hxg5 24. Bxa8 Be6 25. Bg2 Qd6 26. h3 Qd4 27. Kh2 a5 28. Bf3 g6 29. Qc2 b5 30. Qe2 b4 31. axb4 axb4 32. Kg2 Kg7 33. Kh2 Bc4 34. Qc2 b3 35. Qc1 Qxf2+ 36. Bg2 Bd5 0-1

[Event "FRA-chT Top 12 2019"]
[Site "Brest"]
[Date "2019.05.27"]
[Round "10.7"]
[White "Jeanne, Mickael"]
[Black "Smith, Axel"]
[Result "1/2-1/2"]
[ECO "A04"]
[WhiteElo "2150"]
[BlackElo "2481"]
[Annotator "RC"]
[PlyCount "172"]
[EventDate "2019.05.18"]
[EventType "team-tourn"]
[EventCountry "FRA"]
[SourceTitle "playchess.com"]
[Source "ChessBase"]
[SourceQuality "1"]
[TimeControl "40/5400+30:1800+30"]

1. Nf3 g6 2. c4 Bg7 3. Nc3 e5 4. g3 f5 5. d3 d6 6. Bg2 Ne7 7. Rb1 h6 8. O-O O-O 9. Nd2 a5 10. a3 c6 11. b4 axb4 12. axb4 Be6 13. Qb3 Nd7 14. b5 Nc5 15. Qc2 Qd7 16. Nb3 Nxb3 17. Qxb3 c5 18. Bb2 f4 19. Ra1 Rab8 20. Ra7 Bh3 21. Nd5 Bxg2 22. Kxg2 Nxd5 23. cxd5 f3+ 24. exf3 Qf7 25. Qc4 Qxf3+ 26. Kg1 Qe2 27. Bc1 Qf3 28. Qe4 Qf7 29. Be3 h5 30. Kg2 Kh7 31. h4 Rfe8 32. f3 Qd7 33. Rb1 Ra8 34. Qa4 Rxa7 35. Qxa7 Qf7 36. Qa2 Qf8 37. Qa7 Qf7 38. Qa2 Kg8 39. Rf1 Qd7 40. Qa4 Qf5 41. Qa3 Kh7 42. Rf2 Rf8 43. Bg5 Re8 44. Ra2 Rc8 45. Rd2 Kg8 46. Re2 Kh8 47. Rd2 Kh7 48. Re2 Qf7 49. Qb3 Ra8 50. Ra2 Rf8 51. Rf2 Qd7 52. Qa4 Qf5 53. Qa3 Rc8 54. Rd2 Qf7 55. Qb3 Re8 56. Ra2 Rf8 57. Rf2 Kh8 58. Qc4 Qf5 59. Be7 Rc8 60. Ra2 Qf7 61. Bg5 Kg8 62. Ra7 Rf8 63. Qe4 Kh7 64. Ra2 Qd7 65. Qc4 Qf7 66. Qe4 Qd7 67. Qc4 Rc8 68. Ra7 Rb8 69. Ra2 Rf8 70. Ra7 Qc7 71. Ra2 Kg8 72. Ra7 Qd7 73. Ra2 Kh7 74. Ra7 Qf5 75. Qe4 Qf7 76. Ra2 Re8 77. Ra7 Rc8 78. Qc4 Rb8 79. Qe4 Kh8 80. Qc4 Qe8 81. Ra2 Kg8 82. Qe4 Qf7 83. Qc4 Kh7 84. Ra7 Qe8 85. Qa4 Qg8 86. Qa2 Qf7 1/2-1/2

[Event "FRA-chT Top 12 2019"]
[Site "Brest"]
[Date "2019.05.27"]
[Round "10.7"]
[White "Van Hoolandt, Patrick"]
[Black "Flear, Glenn C"]
[Result "0-1"]
[ECO "A13"]
[WhiteElo "2127"]
[BlackElo "2445"]
[Annotator "NA RC"]
[PlyCount "108"]
[EventDate "2019.05.18"]
[EventType "team-tourn"]
[EventCountry "FRA"]
[SourceTitle "playchess.com"]
[Source "ChessBase"]
[SourceQuality "1"]
[TimeControl "40/5400+30:1800+30"]

1. c4 e6 2. d4 d5 3. Nf3 Nf6 4. Qc2 c5 5. dxc5 Bxc5 6. cxd5 Qc7 7. Na3 Nxd5 8. Bd2 O-O 9. Rc1 b6 10. Nb5 Qe7 11. e4 Nb4 12. Qb1 N4c6 13. Be2 Bb7 14. O-O a6 15. Nc3 Nd4 16. Nxd4 Bxd4 17. Bd3 Nc6 18. Ne2 Bc5 19. a3 a5 20. Bc3 e5 21. Ng3 g6 22. Kh1 Rfd8 23. Bc4 Ba6 24. Bxa6 Rxa6 25. Kg1 Ra7 26. Rcd1 Rad7 27. Rxd7 Qxd7 28. b4 axb4 29. axb4 Bf8 30. Qb2 Qe6 31. Rc1 Bh6 32. Rb1 Nd4 33. h3 Qc4 34. Be1 Bf4 35. Qc3 Qxc3 36. Bxc3 Bxg3 37. Bxd4 Rxd4 38. fxg3 Rxe4 39. Kf2 b5 40. Kf3 f5 41. g4 Rf4+ 42. Kg3 fxg4 43. hxg4 Kf7 44. Rh1 Kg7 45. Re1 Kf6 46. Rh1 Rxb4 47. Rxh7 Kg5 48. Rb7 Rb3+ 49. Kf2 Kxg4 50. Rb6 g5 51. Rf6 Rb2+ 52. Kf1 b4 53. Kg1 e4 54. Kh2 e3 0-1

[Event "FRA-chT Top 12 2019"]
[Site "Brest"]
[Date "2019.05.27"]
[Round "10.8"]
[White "Guichard, Pauline"]
[Black "Monpeurt, Cyrielle"]
[Result "1/2-1/2"]
[ECO "A46"]
[WhiteElo "2430"]
[BlackElo "2166"]
[Annotator "NA RC"]
[PlyCount "133"]
[EventDate "2019.05.18"]
[EventType "team-tourn"]
[EventCountry "FRA"]
[SourceTitle "playchess.com"]
[Source "ChessBase"]
[SourceQuality "1"]
[TimeControl "40/5400+30:1800+30"]

1. d4 Nf6 2. Nf3 e6 3. Bf4 d5 4. e3 c5 5. Nbd2 Nc6 6. c3 cxd4 7. exd4 Nh5 8. Be3 Bd6 9. g3 O-O 10. Ne5 g6 11. Bh6 Ng7 12. f4 f6 13. Nxc6 bxc6 14. Qa4 Rb8 15. Nb3 Qc7 16. O-O-O Rf7 17. Bxg7 Kxg7 18. Bd3 Qb6 19. Qa5 Rc7 20. Qxb6 axb6 21. Nd2 c5 22. Kb1 Ra7 23. Nf3 Rba8 24. a3 Bd7 25. Bc2 Kf7 26. Rd2 c4 27. Bd1 e5 28. dxe5 Bxa3 29. Nd4 Bc5 30. e6+ Bxe6 31. Nxe6 Be3 32. Nc7 Ra1+ 33. Kc2 R8a7 34. Nb5 R7a2 35. Bf3 Rxh1 36. Bxh1 Bxd2 37. Bxd5+ Ke7 38. Bxc4 Ra4 39. Bb3 Ra5 40. Nd4 Be3 41. Nc6+ Kd6 42. Nxa5 bxa5 43. Kd3 Bc1 44. Bg8 h6 45. b3 g5 46. Ke4 Bd2 47. c4 Kc5 48. Bf7 gxf4 49. gxf4 Bc1 50. Kf5 Be3 51. Kg4 Bd2 52. f5 Be3 53. Be6 Bd2 54. Kh5 Bf4 55. h3 Be3 56. Bg8 Bd2 57. Bd5 Be3 58. Kg6 Bg5 59. Kf7 Bh4 60. Kg7 Bg5 61. Bg8 Kb4 62. Kg6 Kc5 63. Bd5 Kb4 64. Kh5 Be3 65. h4 Bf2 66. Bg8 Kc5 67. Bf7 1/2-1/2

[Event "FRA-chT Top 12 2019"]
[Site "Brest"]
[Date "2019.05.27"]
[Round "10.8"]
[White "De Seroux, Camille"]
[Black "Nelis, Jean-Francois"]
[Result "1/2-1/2"]
[ECO "B23"]
[WhiteElo "2143"]
[BlackElo "2149"]
[Annotator "NA"]
[PlyCount "55"]
[EventDate "2019.05.18"]
[EventType "team-tourn"]
[EventCountry "FRA"]
[SourceTitle "playchess.com"]
[Source "ChessBase"]
[SourceQuality "1"]
[TimeControl "40/5400+30:1800+30"]

1. e4 c5 2. Nc3 a6 3. Nge2 e6 4. g3 d6 5. Bg2 Nc6 6. O-O Nge7 7. Re1 Nd4 8. Nxd4 cxd4 9. Ne2 Nc6 10. c3 dxc3 11. dxc3 Be7 12. Be3 Bd7 13. c4 O-O 14. Nc3 Rb8 15. Qe2 Bf6 16. Rac1 Bd4 17. Bxd4 Nxd4 18. Qd3 e5 19. Ne2 Nxe2+ 20. Rxe2 Be6 21. Rd2 Rc8 22. b3 b5 23. Qxd6 Qxd6 24. Rxd6 bxc4 25. bxc4 Rxc4 26. Rxc4 Bxc4 27. Bf1 Bxa2 28. Bxa6 1/2-1/2

[Event "FRA-chT Top 12 2019"]
[Site "Brest"]
[Date "2019.05.27"]
[Round "10.8"]
[White "Haussernot, Cecile"]
[Black "Fruteau, Sabine"]
[Result "1-0"]
[ECO "B04"]
[WhiteElo "2097"]
[BlackElo "2015"]
[Annotator "NA"]
[PlyCount "58"]
[EventDate "2019.05.18"]
[EventType "team-tourn"]
[EventCountry "FRA"]
[SourceTitle "playchess.com"]
[Source "ChessBase"]
[SourceQuality "1"]
[TimeControl "40/5400+30:1800+30"]

1. e4 Nf6 2. e5 Nd5 3. d4 d6 4. Nf3 Nb6 5. a4 a5 6. Bb5+ c6 7. Bd3 Bg4 8. h3 Bxf3 9. Qxf3 dxe5 10. dxe5 e6 11. O-O N8d7 12. Re1 Qc7 13. Bf4 Nd5 14. Bg3 Nb4 15. Nc3 Nxd3 16. Qxd3 Be7 17. Bf4 O-O-O 18. Qe3 Qb6 19. Qg3 g5 20. Bc1 Nc5 21. Rb1 Qb4 22. Be3 Rhg8 23. Bxc5 Bxc5 24. Ne4 Be7 25. b3 g4 26. c3 Qb6 27. hxg4 Rh8 28. g5 Kb8 29. Re3 Rd5 1-0

[Event "FRA-chT Top 12 2019"]
[Site "Brest"]
[Date "2019.05.27"]
[Round "10.8"]
[White "Verot, Melanie"]
[Black "Bolon, Karelle"]
[Result "1-0"]
[ECO "A26"]
[WhiteElo "2069"]
[BlackElo "2018"]
[Annotator "NA"]
[PlyCount "69"]
[EventDate "2019.05.18"]
[EventType "team-tourn"]
[EventCountry "FRA"]
[SourceTitle "playchess.com"]
[Source "ChessBase"]
[SourceQuality "1"]
[TimeControl "40/5400+30:1800+30"]

1. c4 e5 2. g3 Nc6 3. Bg2 g6 4. Nc3 Bg7 5. d3 d6 6. Nd5 Nce7 7. Bg5 f6 8. Bd2 c6 9. Nc3 Nh6 10. Qc2 Be6 11. Ne4 Nf7 12. Nf3 h6 13. Bc3 f5 14. Ned2 d5 15. e3 d4 16. exd4 exd4 17. Bb4 Rc8 18. O-O c5 19. Ba3 a5 20. Rfe1 Bd7 21. Nh4 Qb6 22. Nb3 Ne5 23. Qe2 a4 24. Nxd4 cxd4 25. f4 g5 26. Qh5+ Kd8 27. Bxe7+ Kc7 28. fxe5 Be8 29. Bd6+ Kd8 30. Qf3 gxh4 31. Qf4 Ra8 32. Qxh4+ Kc8 33. Qe7 Rg8 34. Qe6+ Kd8 35. Qxg8 1-0

[Event "FRA-chT Top 12 2019"]
[Site "Brest"]
[Date "2019.05.28"]
[Round "11.1"]
[White "Oleksiyenko, Mykhaylo"]
[Black "Safarli, Eltaj"]
[Result "1-0"]
[ECO "C50"]
[WhiteElo "2595"]
[BlackElo "2624"]
[Annotator "RC"]
[PlyCount "79"]
[EventDate "2019.05.18"]
[EventType "team-tourn"]
[EventCountry "FRA"]
[SourceTitle "playchess.com"]
[Source "ChessBase"]
[SourceQuality "1"]
[TimeControl "40/5400+30:1800+30"]

1. e4 e5 2. Nf3 Nc6 3. Bc4 Nf6 4. d3 Bc5 5. O-O d6 6. c3 h6 7. Re1 O-O 8. Nbd2 a6 9. Bb3 Re8 10. Nf1 Ba7 11. Ng3 Be6 12. Bc2 d5 13. exd5 Bxd5 14. h3 Qd7 15. b4 Rad8 16. a4 b5 17. Nh4 Be6 18. Qf3 Bd5 19. Ne4 Nxe4 20. dxe4 Bc4 21. axb5 axb5 22. Nf5 Re6 23. Rd1 Qe8 24. Be3 Bxe3 25. Nxe3 Rf6 26. Qh5 Rxd1+ 27. Rxd1 Qa8 28. Nd5 Rg6 29. Bd3 Bb3 30. Rf1 Qa2 31. Qf3 Rd6 32. Nxc7 Ne7 33. Nxb5 Rd8 34. Qe2 Qa4 35. Bc4 Ng6 36. Bxb3 Qxb3 37. g3 h5 38. h4 Rb8 39. Ra1 Rd8 40. Qa2 1-0

[Event "FRA-chT Top 12 2019"]
[Site "Brest"]
[Date "2019.05.28"]
[Round "11.2"]
[White "Miezis, Normunds"]
[Black "Gharamian, Tigran"]
[Result "1/2-1/2"]
[ECO "A13"]
[WhiteElo "2456"]
[BlackElo "2602"]
[Annotator "RC"]
[PlyCount "34"]
[EventDate "2019.05.18"]
[EventType "team-tourn"]
[EventCountry "FRA"]
[SourceTitle "playchess.com"]
[Source "ChessBase"]
[SourceQuality "1"]
[TimeControl "40/5400+30:1800+30"]

1. c4 e6 2. e4 c5 3. Nc3 Nc6 4. Nf3 Nge7 5. d4 Nxd4 6. Nxd4 cxd4 7. Qxd4 Nc6 8. Qd2 Bc5 9. Be2 O-O 10. O-O d6 11. Kh1 e5 12. f4 exf4 13. Qxf4 Be6 14. Qg3 Ne5 15. Bf4 Ng6 16. Rad1 Nxf4 17. Rxf4 Qe7 1/2-1/2